cohdb
Replays
Latest Replays
All Replays
Popular Replays
Top Player Replays
Match Explorer
How It Works
Community
CoH3 Stats
Reddit
Sign in to upload your games and track your stats! →
Sign in with Steam
Match 41437712
Unlisted
Match 41437712
Overview
Messages
Build Orders
End
Engineer Squad
Construct Barracks
Riflemen Squad
1⁄4-ton 4x4 Truck
Riflemen Squad
Riflemen Squad
Infantry Support Center
Construct Medical Station
Construct Motor Pool
M8 Greyhound Armored Car
Selects Heavy Weapons
Selects Assault Carriers
Selects M2HB .50cal Heavy Machine Gun
M1 Anti-tank Gun Team
Grenade Package
M1918 Browning Automatic Rifles
Survival Training
M1 Anti-tank Gun Team
Selects Halftrack Strongpoints
M24 Chaffee Light Tank
Selects M26 Pershing Heavy Tank
M26 Pershing Heavy Tank
KevinTDW
zypnix
0
0
Comments
sign in to comment!
No comments posted yet!